 Dungeon Crawl Stone Soup version 0.29-a0-356-g7bc237e783 (webtiles) character file.

Game seed: 15070384498346081216

991 bande the Chopper (level 8, -3/49 HPs)
             Began as a Gargoyle Fighter on Apr 26, 2022.
             Slain by a wight
             ... wielding a +0 mace of distortion
              (14 damage)
             ... on level 6 of the Dungeon.
             The game lasted 00:06:30 (4850 turns).

bande the Chopper (Gargoyle Fighter)                Turns: 4850, Time: 00:06:30

Health: -3/49      AC: 24    Str: 21    XL:     8   Next: 18%
Magic:  8/8        EV:  6    Int: 10    God:
Gold:   149        SH:  6    Dex: 19    Spells: 7/7 levels left

rFire   . . .      SeeInvis .   a - +0 war axe
rCold   . . .      Faith    .   c - +0 buckler
rNeg    + . .      Spirit   .   b - +0 plate armour
rPois   ∞          Reflect  .   i - +1 helmet
rElec   +          Harm     .   (no cloak)
rCorr   .          Rampage  .   (no gloves)
Will    .....                   (no boots)
Stlth   ..........              (no amulet)
HPRegen 0.16/turn               g - +6 ring of dexterity
MPRegen 0.11/turn               k - +4 ring of protection

@: no status effects
A: sickness immunity, AC +5, negative energy resistance 1, electricity
resistance, torment resistance 1, petrification resistance, agile 1, clever 1,
MP-powered wands
a: no special abilities


You were on level 6 of the Dungeon.
You visited 1 branch of the dungeon, and saw 6 of its levels.

You collected 149 gold pieces.

Inventory:

Hand Weapons
 a - a +0 war axe (weapon)
 d - a +0 morningstar
Armour
 b - a +0 plate armour (worn)
 c - a +0 buckler (worn)
 i - a +1 helmet (worn)
Jewellery
 g - a +6 ring of dexterity (left hand)
 k - a +4 ring of protection (right hand)
Scrolls
 f - a scroll of fear
 j - 5 scrolls of identify
Potions
 e - 3 potions of curing
 m - a potion of berserk rage


   Skills:
 + Level 5.0 Fighting
 + Level 6.4 Axes
 + Level 5.8 Armour
 + Level 4.3 Shields


You had 7 spell levels left.
You didn't know any spells.
Your spell library was empty.

Dungeon Overview and Level Annotations

Branches:
Dungeon (5/15)
 Temple: D:4-7

Altars:

Shops:
D:4 =


Innate Abilities, Weirdness & Mutations

You are immune to sickness and miasma.
Your stone body is resilient. (AC +5)
You are immune to poison.
You resist negative energy. (rN+)
You are resistant to electric shocks. (rElec)
You are resistant to unholy torment.
You are immune to petrification.
You are agile. (Dex +2)
Your mind is acute. (Int +2)
You expend magic power (3 MP) to strengthen your wands.


Message History

You hit the wight but do no damage. The wight hits you with a +3 scimitar.
You slash the wight!
The wight is severely damaged.
You block the wight's attack.
Unknown command.
You completely miss the wight.
The wight is severely damaged.
You block the wight's attack.
Unknown command.
You slash the wight!
You destroy the wight!
The wight hits you with a +2 war axe!
Your Fighting skill increases to level 5!
You slash the wight!
The wight is severely damaged.
The wight hits you with a +2 war axe!
You hit the wight but do no damage.
The wight is severely damaged.
The wight hits you but does no damage.
You closely miss the wight.
The wight is severely damaged.
The wight hits you with a +2 war axe.
You slash the wight!
You destroy the wight!
The white imp closely misses you.
You closely miss the white imp.
The white imp hits you but does no damage.
You slash the white imp!
You kill the white imp!
You hit the wight but do no damage.
The wight hits you with a +0 mace of distortion.
Space warps around you!
* * * LOW HITPOINT WARNING * * *
You hit the wight.
The wight is moderately damaged.
You block the wight's attack.
You hit the wight.
The wight is heavily damaged.
The wight hits you but does no damage. Space warps horribly around you!
You die...

.......'.♣ #......'.♣
......# #)....##.♣
......# #.....## ..
......# #......#######
.....# +............#
.....# #............#
.....#
#............####zz...#
##+########.....@#
.....#....#....†.#
.....'....'......+
##..##.##.#......#
##..##.##.###+#......
.......#......#......#
.......#......#......#
###############......#
########


You could see 2 wights.

Vanquished Creatures
  Sigmund (D:5)
  An ice beast (D:6)
  Blork the orc (D:4)
  A bullfrog (D:6)
  A necrophage (D:6)
  3 wights (D:6)
  A jelly (D:4)
  6 hounds
  2 iguanas (D:5)
  Robin (D:2)
  5 adders
  A white imp (D:6)
  A dart slug (D:2)
  6 orcs
  8 ball pythons
  3 endoplasms
  3 giant cockroaches
  7 goblins
  12 hobgoblins
  3 bats
  3 frilled lizards
  8 kobolds
  6 rats
84 creatures vanquished.

Vanquished Creatures (others)
  3 plants (D:3)
3 creatures vanquished.

Grand Total: 87 creatures vanquished

Notes
Turn   | Place    | Note
-------+----------+-------------------------------------------
     0 | D:1      | bande the Gargoyle Fighter began the quest for the Orb.
     0 | D:1      | Reached XP level 1. HP: 14/14 MP: 1/1
   448 | D:1      | Reached XP level 2. HP: 19/19 MP: 2/2
   487 | D:1      | Reached skill level 2 in Axes
   736 | D:1      | Found a faded altar of an unknown god.
  1095 | D:2      | Noticed Robin
  1101 | D:2      | Reached XP level 3. HP: 21/23 MP: 3/3
  1111 | D:2      | Killed Robin
  1347 | D:2      | Reached skill level 3 in Axes
  1347 | D:2      | Reached XP level 4. HP: 17/29 MP: 4/4
  2194 | D:3      | Gained mutation: You are frail. (-10% HP) [potion of
                  | mutation]
  2194 | D:3      | Lost mutation: You are frail. (-10% HP) [potion of
                  | mutation]
  2194 | D:3      | Gained mutation: You expend magic power (3 MP) to
                  | strengthen your wands. [potion of mutation]
  2194 | D:3      | Gained mutation: You have hidden genetic potential. [potion
                  | of mutation]
  2305 | D:3      | Reached XP level 5. HP: 33/33 MP: 5/5
  3266 | D:4      | Gained mutation: Your mind is acute. (Int +2) [hidden
                  | potential]
  3539 | D:4      | Reached skill level 4 in Axes
  3774 | D:4      | Found Feoryan's Jewellery Boutique.
  3892 | D:4      | Noticed Blork the orc
  3909 | D:4      | Killed Blork the orc
  3910 | D:4      | Reached XP level 6. HP: 18/38 MP: 6/6
  4252 | D:5      | Entered Level 5 of the Dungeon
  4309 | D:5      | Gained mutation: You are agile. (Dex +2) [hidden potential]
  4309 | D:5      | Lost mutation: You have hidden genetic potential. [hidden
                  | potential expressed]
  4359 | D:5      | Noticed Sigmund
  4368 | D:5      | Killed Sigmund
  4369 | D:5      | Reached skill level 5 in Axes
  4369 | D:5      | Reached XP level 7. HP: 37/44 MP: 7/7
  4538 | D:5      | Reached skill level 5 in Armour
  4556 | D:5      | You fall into a shaft and drop 1 floor!
  4768 | D:6      | Reached skill level 6 in Axes
  4838 | D:6      | Reached XP level 8. HP: 38/48 MP: 8/8
  4842 | D:6      | Reached skill level 5 in Fighting
  4850 | D:6      | Slain by a wight

Illustrated notes

Levels and vault maps discovered:
D:1:      tarquinn_simple_flora_water_f, layout_basic,
          ebering_ecumenical_altar_abandoned
D:2:      layout_basic, uniq_robin
D:3:      layout_basic, serial_bayou, serial_bayou_pond_d,
          serial_bayou_lagoon_b, serial_bayou_shore_a, serial_bayou_ford_a
D:4:      layout_loops_ring, minmay_shop_enchanted_jewellery, uniq_blork_the_orc
D:5:      layout_cave_pods, minmay_temple_entry_sparse_star, uniq_ijyb,
          uniq_sigmund, uniq_grinder, uniq_menkaure
D:6:      kennysheep_steamy, layout_gridville, mainiacjoe_overflow_alcove_4,
          uniq_edmund, uniq_prince_ribbit1

Skill      XL: |  1  2  3  4  5  6  7  8 |
---------------+-------------------------+-----
Axes           | 2 3 4 5 6 |  6.4
Armour         | 4 5 |  5.8
Fighting       | 4 5 |  5.0
Shields        | 4 |  4.3

Action                   |  1- 3 |  4- 6 |  7- 9 || total
-------------------------+-------+-------+-------++-------
Melee: War axe           |    95 |   142 |    71 ||   308
  Use: Scroll            |     5 |     7 |       ||    12
       Potion            |       |     2 |       ||     2
Armor: Scale mail        |    46 |    44 |       ||    90
       Chain mail        |       |    42 |       ||    42
       Plate armour      |       |     2 |    53 ||    55
Dodge: Dodged            |    50 |    54 |     8 ||   112
Block: Buckler           |    16 |    34 |    16 ||    66

Table legend: (Time is in decaauts)
 A = Elapsed time spent in this place.
 B = Non-inter-level travel time spent in this place.
 C = Inter-level travel time spent in this place.
 D = Time resting spent in this place.
 E = Time spent auto-exploring this place.
 F = Levels seen in this place.
 G = Mean time per level.
                   A        B        C        D        E       F      G
               +--------+--------+--------+--------+--------+-----+--------+
         Total |   4985 |   4951 |     34 |    310 |   3787 |   6 |  830.8 |
       Dungeon |   4985 |   4951 |     34 |    310 |   3787 |   6 |  830.8 |
               +--------+--------+--------+--------+--------+-----+--------+

Top non-repeatable levels by time:
     D:2: 1184 daAuts
     D:4: 1127 daAuts
     D:1: 1062 daAuts
     D:3: 990 daAuts
     D:5: 311 daAuts
     D:6: 309 daAuts
